 Dungeon Crawl Stone Soup version 0.29-a0-356-g7bc237e783 (webtiles) character file.

Game seed: 17250861290105637053

5574 bande the Cleaver (level 10, -4/61 HPs)
             Began as a Gargoyle Fighter on Apr 27, 2022.
             Was a Believer of Okawaru.
             Killed from afar by a starcursed mass (9 damage)
             ... with an accursed screaming
             ... on level 1 of the Abyss.
             The game lasted 00:15:56 (12835 turns).

bande the Cleaver (Gargoyle Fighter)               Turns: 12835, Time: 00:15:57

Health: -4/61      AC: 26    Str: 19    XL:     10   Next: 72%
Magic:  14/14      EV:  6    Int: 10    God:    Okawaru [**....]
Gold:   267        SH:  6    Dex: 13    Spells: 9/9 levels left

rFire   . . .      SeeInvis .   a - +1 war axe (flame)
rCold   + . .      Faith    .   c - +1 buckler
rNeg    + . .      Spirit   .   e - +0 plate armour rPois โˆž Reflect .
                                (helmet restricted)
rElec   +          Harm     .   f - +0 cloak
rCorr   .          Rampage  .   l - +0 pair of gloves
Will    ++...                   s - +2 pair of boots
Stlth   ..........              (no amulet)
HPRegen 0.20/turn               v - ring of willpower
MPRegen 0.14/turn               p - ring of willpower

@: flying
A: sickness immunity, AC +7, negative energy resistance 1, electricity
resistance, torment resistance 1, petrification resistance, antennae 1, big
wings, cold resistance 1, high MP 1
a: Renounce Religion, Heroism


You were on level 1 of the Abyss.
You worshipped Okawaru.
Okawaru was pleased with you.
You visited 2 branches of the dungeon, and saw 9 of its levels.
You visited the Abyss 1 time.

You collected 267 gold pieces.

Inventory:

Hand Weapons
 a - a +1 war axe of flaming (weapon)
 d - a +1 mace of holy wrath
Armour
 c - a +1 buckler (worn)
 e - a +0 plate armour (worn)
 f - a +0 cloak (worn)
 l - a +0 pair of gloves (worn)
 s - a +2 pair of boots (worn)
Jewellery
 i - a ring of protection from cold
 j - a ring of positive energy
 p - a ring of willpower (right hand)
 q - an amulet of the acrobat
 r - a +6 ring of intelligence
 t - an amulet of faith
 v - a ring of willpower (left hand)
 y - a +6 ring of dexterity
Wands
 h - a wand of mindburst (28)
 B - a wand of flame (9)
Scrolls
 k - a scroll of holy word
 m - 3 scrolls of teleportation
 w - a scroll of identify
 A - a scroll of immolation {unknown}
Potions
 b - a potion of brilliance
 g - a potion of might
 n - 2 potions of curing
 o - a potion of invisibility
 u - a potion of haste
 x - a potion of degeneration {unknown}
 z - a potion of mutation


   Skills:
 + Level 6.9 Fighting
 + Level 9.2 Axes
 + Level 7.9 Armour
 + Level 6.6 Shields
 * Level 3.9 Invocations
 * Level 5.1 Evocations


You had 9 spell levels left.
You didn't know any spells.
Your spell library contained the following spells:

 Spells                   Type           Power      Damage    Failure   Level
 Passage of Golubria      Tloc           0%         N/A       100%        4
 Freezing Cloud           Conj/Ice/Air   0%         6-21      100%        5
 Silence                  Hex/Air        0%         N/A       100%        5
 Lehudib's Crystal Spear  Conj/Erth      0%         10d2      100%        8
 Polar Vortex             Ice            0%         N/A       100%        9
 Simulacrum               Ice/Necr       Unusable   N/A       N/A         6

Dungeon Overview and Level Annotations

Branches:
Dungeon (8/15)             Temple (1/1) D:4
   Lair: D:8-11

Altars:
Ashenzari
Cheibriados
Elyvilon
Fedhas
Gozag
Hepliaklqana
Makhleb
Nemelex Xobeh
Okawaru
Qazlal
Ru
Sif Muna
Trog
Uskayaw
Vehumet
Wu Jian
Yredelemnul
Zin
The Shining One

Shops:
D:7 (

Annotations:
D:8 Psyche


Innate Abilities, Weirdness & Mutations

You are immune to sickness and miasma.
Your stone body is resilient. (AC +7)
You are immune to poison.
You resist negative energy. (rN+)
You are resistant to electric shocks. (rElec)
You are resistant to unholy torment.
You are immune to petrification.
You have a pair of small antennae on your head.
Your large and strong wings let you fly.
Your flesh is cold resistant. (rC+)
You have an increased reservoir of magic. (+10% MP)


Message History

The ynoxinul gestures.
You closely miss the freezing wraith. You slash the ufetubus!
You burn the ufetubus.
You kill the ufetubus!
The ufetubus disappears in a puff of smoke!
You hit the small abomination. You burn the small abomination.
You barely miss the fire bat. You closely miss the fire bat.
The fire bat barely misses you.
The fire bat bites you but does no damage. x2
You block the small abomination's attack.
The small abomination hits you!
* * * LOW HITPOINT WARNING * * *
The ufetubus hits you but does no damage. x2
The freezing wraith hits you but does no damage.
You block the freezing wraith's attack.
A starcursed mass splits.
You closely miss the freezing wraith. You slash the small abomination!
You burn the small abomination. You barely miss the ufetubus.
You hit the starcursed mass. You burn the starcursed mass.
You barely miss the fire bat.
The starcursed mass shudders and is absorbed by its neighbour.
The fire bat bites you but does no damage.
The small abomination hits you but does no damage.
The fire bat bites you but does no damage.
The ufetubus barely misses you. The ufetubus completely misses you.
The freezing wraith hits you but does no damage. x2
A starcursed mass splits.
You block the small abomination's attack.
The fire bat bites you but does no damage.
You hit the freezing wraith but do no damage.
You hit the fire bat. You completely miss the fire bat.
You hit the starcursed mass but do no damage.
You barely miss the small abomination. The fire bat barely misses you.
The fire bat bites you but does no damage.
You block the small abomination's attack.
The freezing wraith completely misses you.
The freezing wraith hits you but does no damage.
The ynoxinul gestures.
The fire bat bites you but does no damage.
A deafening chorus of shrieks assaults your mind!
You die...

.......... # ..
.#..5..# ...
... ##.X.###..#
#.# ##3## #..
... ##...## #..
....#.5X5.#....
.......XX.b..#
....#.xX5X#....
.. ##ยง@b####..
#.# ##W## . ..
... .....
.......
.#.....#.
.###...###. .#
##.##


โ‰ˆโ‰ˆ You could see 6 starcursed masses, a freezing wraith, a ynoxinul, a small
abomination, 2 fire bats and 4 ufetubi.

Vanquished Creatures
  The ghost of OTABOTABOTAB the Fighter, a novice DjCj of Ashenzari (D:6)
  Joseph (D:8)
  Prince Ribbit (D:8)
  A steam dragon (D:7)
  3 vampire mosquitoes (D:6)
  A water moccasin (D:6)
  2 sky beasts (D:8)
  Pargi (D:3)
  2 ice beasts
  5 orc warriors
  2 black bears
  3 ogres
  4 centaurs
  A phantom (D:5)
  A kobold brigand (D:7)
  6 bullfrogs
  3 scorpions
  6 killer bees (D:7)
  A howler monkey (D:5)
  A spectral centaur (D:7)
  9 orc priests
  4 jellies
  A gnoll shaman (D:8)
  Crazy Yiuf (D:2)
  Jessica (D:3)
  Natasha (D:3)
  2 iguanas
  8 orc wizards
  A centaur simulacrum (D:7)
  A howler monkey zombie (D:7)
  Robin (D:3)
  9 adders
  4 gnolls
  2 shadow imps
  2 white imps
  2 ufetubi
  A worm (D:4)
  7 dart slugs
  58 orcs
  4 ball pythons
  5 endoplasms
  4 giant cockroaches
  20 goblins
  5 hobgoblins
  4 quokkas
  4 bats
  2 frilled lizards
  12 kobolds
  8 rats
229 creatures vanquished.

Vanquished Creatures (others)
  An orc wizard (D:8)
  5 fungi (D:2)
  3 plants
9 creatures vanquished.

Grand Total: 238 creatures vanquished

Notes
Turn   | Place    | Note
-------+----------+-------------------------------------------
     0 | D:1      | bande the Gargoyle Fighter began the quest for the Orb.
     0 | D:1      | Reached XP level 1. HP: 14/14 MP: 1/1
   585 | D:1      | Reached skill level 2 in Axes
   585 | D:1      | Reached XP level 2. HP: 19/19 MP: 2/2
  1551 | D:1      | Reached XP level 3. HP: 23/23 MP: 3/3
  2111 | D:2      | Found a faded altar of an unknown god.
  2162 | D:2      | Gained mutation: You have a pair of small antennae on your
                  | head. [potion of mutation]
  2162 | D:2      | Gained mutation: You have an increased reservoir of magic.
                  | (+10% MP) [potion of mutation]
  2162 | D:2      | Gained mutation: Your flesh is cold resistant. (rC+)
                  | [potion of mutation]
  2162 | D:2      | Gained mutation: Your large and strong wings let you fly.
                  | [potion of mutation]
  2173 | D:2      | Found a runed translucent door.
  2174 | D:2      | Noticed Crazy Yiuf
  2366 | D:2      | Reached XP level 4. HP: 29/29 MP: 4/4
  2729 | D:2      | Killed Crazy Yiuf
  2730 | D:2      | Reached skill level 3 in Axes
  3463 | D:3      | Reached XP level 5. HP: 4/33 MP: 5/5
  3841 | D:3      | Noticed Pargi
  3844 | D:3      | Noticed Robin
  3866 | D:3      | Killed Pargi
  3867 | D:3      | Reached skill level 4 in Axes
  3867 | D:3      | Reached XP level 6. HP: 23/38 MP: 6/6
  3873 | D:3      | Killed Robin
  4086 | D:3      | Noticed Natasha
  4092 | D:3      | Killed Natasha
  4130 | D:3      | Noticed Jessica
  4137 | D:3      | Killed Jessica
  4712 | D:4      | Noticed a black bear
  4723 | D:4      | Killed a black bear
  4724 | D:4      | Reached skill level 5 in Armour
  4724 | D:4      | Reached XP level 7. HP: 31/44 MP: 7/7
  5267 | D:4      | Found a staircase to the Ecumenical Temple.
  5314 | D:4      | Reached skill level 5 in Axes
  5891 | Temple   | Entered the Ecumenical Temple
  6103 | D:5      | Entered Level 5 of the Dungeon
  6338 | D:5      | Reached skill level 5 in Fighting
  6338 | D:5      | Reached skill level 1 in Evocations
  6393 | D:5      | Reached XP level 8. HP: 49/49 MP: 8/8
  7677 | D:5      | Reached skill level 6 in Axes
  8443 | D:6      | Found a sacrificial altar of Ru.
  8841 | D:6      | Reached skill level 5 in Shields
  9138 | D:6      | Reached XP level 9. HP: 50/54 MP: 9/9
  9210 | D:6      | Reached skill level 7 in Axes
  9906 | D:7      | Found Kacim's Hydra Hut.
  9909 | D:7      | Noticed a five-headed hydra
  9929 | D:7      | Found a runed translucent gate.
  9929 | D:7      | Found a runed translucent gate.
  9931 | D:7      | Found a runed translucent gate.
  9934 | D:7      | Noticed OTABOTABOTAB's ghost (novice DjCj)
 10195 | D:7      | Found an iron altar of Okawaru.
 10203 | D:7      | Became a worshipper of Warmaster Okawaru
 10353 | D:7      | Reached skill level 1 in Invocations
 10365 | D:7      | Reached skill level 8 in Axes
 10698 | D:7      | Noticed a torpor snail
 10700 | D:7      | Found a snail-covered altar of Cheibriados.
 10700 | D:7      | Noticed a torpor snail
 10702 | D:7      | Noticed a torpor snail
 11087 | D:6      | Killed OTABOTABOTAB's ghost
 11087 | D:6      | Reached * piety under Okawaru
 11088 | D:6      | Reached XP level 10. HP: 21/61 MP: 11/13
 11875 | D:8      | Noticed Joseph
 12235 | D:8      | Killed Joseph
 12289 | D:8      | Reached skill level 9 in Axes
 12293 | D:8      | Reached ** piety under Okawaru
 12486 | D:8      | Noticed Prince Ribbit
 12500 | D:8      | Killed Prince Ribbit
 12501 | D:8      | Reached skill level 5 in Evocations
 12631 | D:8      | Identified the +1 ring mail "Uniged" {*Corrode +Inv rN+++
                  | Int+4}
 12779 | D:8      | Noticed Psyche
 12786 | D:8      | Cast into level 1 of the Abyss (Psyche)
 12818 | Abyss:1  | Noticed a starcursed mass
 12835 | Abyss:1  | Killed from afar by a starcursed mass

Illustrated notes

Levels and vault maps discovered:
D:1:      ncdulo_watergridlock, layout_basic, roderic_lattice_a
D:2:      layout_basic, shapermc_ecumenical_altar_acropolis,
          kennysheep_cluttered_room, uniq_crazy_yiuf_cottage
D:3:      layout_loops_corners, st_stairs_13, uniq_natasha, uniq_robin,
          uniq_pargi, uniq_jessica
D:4:      layout_loops_corners, minmay_temple_entry_statues_pillars,
          minmay_misc_feat_columns
D:5:      layout_basic, grunt_ministairs_8
D:6:      layout_basic, nicolae_overflow_crystal_walls
D:7:      layout_cave_pods, cheibriados_altar_2, okawaru_metal_pillars_1_2,
          gammafunk_ghost_necromancy, enter_bailey_6, doesnt_shop_hydraphobe
D:8:      layout_rooms, special_room [special_room_orc], grunt_ministairs_15,
          uniq_prince_ribbit1, uniq_psyche, uniq_joseph
Temple:   eino_temple_scatter_basement
Abyss:1:  base:
Bailey

Skill      XL: |  1  2  3  4  5  6  7  8  9 10 |
---------------+-------------------------------+-----
Axes           | 2 3 4 5 6 8 9 |  9.2
Armour         | 4 5 6 7 |  7.9
Fighting       | 4 5 6 |  6.9
Shields        | 4 5 6 |  6.6
Evocations     | 1 3 4 5 |  5.1
Invocations    | 2 3 |  3.9

Action                   |  1- 3 |  4- 6 |  7- 9 | 10-12 || total
-------------------------+-------+-------+-------+-------++-------
Melee: War axe           |   126 |   131 |   387 |   179 ||   823
  Use: Scroll            |     5 |     2 |     9 |       ||    16
       Potion            |     1 |     2 |     3 |       ||     6
Armor: Scale mail        |    76 |       |       |       ||    76
       Plate armour      |     6 |   150 |   410 |   231 ||   797
Dodge: Dodged            |    67 |    45 |   128 |    75 ||   315
Block: Buckler           |    27 |    51 |   169 |    88 ||   335

Table legend: (Time is in decaauts)
 A = Elapsed time spent in this place.
 B = Non-inter-level travel time spent in this place.
 C = Inter-level travel time spent in this place.
 D = Time resting spent in this place.
 E = Time spent auto-exploring this place.
 F = Levels seen in this place.
 G = Mean time per level.
                   A        B        C        D        E       F      G
               +--------+--------+--------+--------+--------+-----+--------+
         Total |  13058 |  12860 |    198 |   4646 |   6001 |  10 | 1305.8 |
       Dungeon |  12830 |  12632 |    198 |   4646 |   5852 |   8 | 1603.8 |
        Temple |    178 |    178 |      0 |      0 |    149 |   1 |  178.0 |
         Abyss |     49 |     49 |      0 |      0 |      0 |   1 |   49.0 |
               +--------+--------+--------+--------+--------+-----+--------+

Top non-repeatable levels by time:
     D:7: 2162 daAuts
     D:6: 2126 daAuts
     D:1: 1935 daAuts
     D:5: 1798 daAuts
     D:3: 1677 daAuts
     D:4: 1254 daAuts
     D:2: 1181 daAuts
     D:8: 693 daAuts
  Temple: 178 daAuts
 Abyss:1: 49 daAuts
